 Dungeon Crawl Stone Soup version 0.26.1-2-gb8aa6d0cf2 (webtiles) character file.

Game seed: 13014605226218669187

61720 Ladykiller69 the Severer (level 15, -5/137 HPs)
             Began as a Hill Orc Gladiator on Mar 26, 2021.
             Was a High Priest of Wu Jian.
             Slain by Rupert
             ... wielding a +0 battleaxe of venom
              (17 damage)
             ... on level 13 of the Dungeon.
             The game lasted 00:57:16 (24370 turns).

Ladykiller69 the Severer (Hill Orc Gladiator)      Turns: 24370, Time: 00:57:16

Health: -5/137     AC: 28    Str: 24    XL:     15   Next: 3%
Magic:  15/15      EV: 12    Int:  8    God:    Wu Jian [*****.]
Gold:   1883       SH:  0    Dex: 12    Spells: 14/14 levels left

rFire    + . .     SeeInvis .   U - +2 executioner's axe (freeze)
rCold    . . .     Faith    .   (shield currently unavailable)
rNeg     . . .     Spirit   .   V - +2 plate armour {rF+}
rPois    .         Reflect  .   v - +2 helmet
rElec    .         Harm     .   K - +1 cloak
rCorr    .         Rampage  .   d - +2 pair of gloves
Will     +....                  F - +0 pair of boots
Stlth    ..........             n - amulet of regeneration
HPRegen  0.72/turn              (no ring)
MPRegen  0.14/turn              (no ring)

@: lethally poisoned (-5 -> -10), heavenly storm, glowing
A: no striking features
a: Renounce Religion, Wall Jump, Serpent's Lash, Heavenly Storm


You were on level 13 of the Dungeon.
You worshipped Wu Jian.
Wu Jian was extremely pleased with you.
You visited 3 branches of the dungeon, and saw 20 of its levels.
You also visited: Ice Cave.

You collected 1925 gold pieces.
You spent 42 gold pieces at shops.

Inventory:

Hand Weapons
 J - a +0 war axe of flaming
 U - a +2 executioner's axe of freezing (weapon)
Missiles
 u - 75 poisoned darts
 x - 7 javelins
 S - 4 throwing nets (quivered)
Armour
 d - a +2 pair of gloves (worn)
 v - a +2 helmet (worn)
 F - a +0 pair of boots (worn)
 K - a +1 cloak (worn)
 Q - the +4 chain mail of the Quahog {rElec rPois Dex-3 SInv}
   (You found it on level 1 of the Lair of Beasts)

   It affects your dexterity (-3).
   It insulates you from electricity.
   It protects you from poison.
   It lets you see invisible.
 V - a +2 plate armour of fire resistance (worn)
Jewellery
 f - an uncursed amulet of reflection {unknown}
 n - an amulet of regeneration (around neck)
 s - an uncursed amulet of the acrobat {unknown}
 y - an uncursed ring of magical power
 B - an uncursed ring of fire
 E - an uncursed ring of fire
 O - an uncursed ring of ice
 P - an uncursed ring of teleportation
Wands
 a - a wand of random effects (31)
 e - a wand of polymorph (13)
 w - a wand of iceblast (6)
 D - a wand of paralysis (25)
 L - a wand of enslavement (26)
 M - a wand of acid (17)
 X - a wand of digging (17)
Scrolls
 c - a scroll of enchant armour
 g - 2 scrolls of vulnerability
 h - 13 scrolls of teleportation
 i - 12 scrolls of remove curse
 l - 4 scrolls of fear
 o - a scroll of silence
 r - 5 scrolls of immolation {unknown}
 z - 8 scrolls of amnesia
 G - a scroll of blinking
 I - a scroll of brand weapon
 R - a scroll of holy word
 Y - a scroll of enchant weapon
Potions
 b - 3 potions of brilliance
 j - 3 potions of magic
 k - 6 potions of heal wounds {unknown}
 m - 5 potions of flight {unknown}
 p - 3 potions of mutation
 q - 7 potions of curing
 t - 3 potions of haste
 A - 6 potions of lignification {unknown}
 C - 2 potions of attraction
 H - 4 potions of cancellation
 N - 2 potions of might
 Z - a potion of ambrosia {unknown}
Miscellaneous
 T - a condenser vane
 W - a lightning rod (4/4)


   Skills:
 + Level 13.7 Fighting
 * Level 19.9 Axes
 - Level 3.0 Throwing
 + Level 12.5 Armour
 + Level 10.2 Dodging


You had 14 spell levels left.
You didn't know any spells.
Your spell library contained the following spells:

 Spells                   Type           Power        Failure   Level
 Animate Skeleton         Necr           0%           99%         1
 Beastly Appendage        Tmut           0%           99%         1
 Pain                     Necr           0%           99%         1
 Wereblood                Tmut           0%           99%         2
 Spider Form              Tmut/Pois      0%           100%        3
 Vampiric Draining        Necr           0%           100%        3
 Animate Dead             Necr           0%           100%        4
 Ice Form                 Ice/Tmut       0%           100%        4
 Agony                    Necr           0%           100%        5
 Blade Hands              Tmut           0%           100%        5


Dungeon Overview and Level Annotations

Branches:
Dungeon (13/15)            Temple (1/1) D:5            Lair (6/6) D:10
  Swamp (0/4) Lair:2       Spider (0/4) Lair:3        Slime (0/5) Lair:6
    Orc (0/2) D:11          IceCv (visited)
 Vaults: D:13-14

Altars:
Ashenzari
Cheibriados
Dithmenos
Elyvilon
Fedhas
Gozag
Hepliaklqana
Kikubaaqudgha
Makhleb
Nemelex Xobeh
Okawaru
Qazlal
Ru
Sif Muna
Trog
Uskayaw
Vehumet
Wu Jian
Xom
Yredelemnul
Zin
The Shining One
Jiyva

Shops:
D:11 *

Annotations:
D:6 2 transporters
D:7 2 runed translucent doors, mavignon's ghost, novice DESu
D:13 Rupert
Lair:1 3 runed translucent doors, exclusions: 2 plants and 5 more exclusions, kalagan's ghost, journeyman DECj
Lair:5 exclusion: 2 oklob plants


Message History

Rupert hits you with a +0 battleaxe of venom!
You are lethally poisoned!
You hit Rupert but do no damage.
Rupert is almost dead.
You feel very sick.
Rupert hits you with a +0 battleaxe of venom!
* * * LOW HITPOINT WARNING * * *
You are more poisoned.
Rupert hits you but does no damage.
You are more poisoned.
It was a potion of curing.
You feel better.
Rupert hits you with a +0 battleaxe of venom!!
* * * LOW HITPOINT WARNING * * *
You are poisoned.
Okay, then.
The air is filled with shimmering golden clouds!
Sifu Zhang Bao says: The storm will not cease as long as you keep fighting, disciple!
You feel sick.
Rupert hits you with a +0 battleaxe of venom!
You die...

#....................#
#..
#....................#
#..
#....................#
#..
#......(.............#
#..
#....................#
#..
#....................#
#..
####+#########☼#######
#.. .....§§§☼☼.....
.....§§@☼§.....
.....§§@☼§....#
....#§☼§§☼....#
....#.........# ...
#.......... ..
#..####..## #.. ....
... ...


You could see Rupert (berserk).

Vanquished Creatures
  Gastronok (D:8)
  Fannar (Lair:1)
  11 hydras
  A catoblepas (Lair:6)
  4 two-headed ogres
  6 death yaks
  A death knight (D:12)
  Nergalle (Lair:2)
  An unseen horror (D:12)
  A bog body (Lair:2)
  4 cyclopes
  2 deep elf magi
  A salamander (shapeshifter) (D:13)
  4 ugly things
  A centaur zombie (D:13)
  An elephant (Lair:5)
  Joseph (D:7)
  3 ice statues (IceCv)
  3 black mambas
  28 cane toads
  Maggie (D:8)
  7 komodo dragons
  7 rime drakes
  2 freezing wraiths (D:12)
  A troll (D:12)
  4 jumping spiders (Lair:3)
  2 polar bears
  3 tyrant leeches (Lair:6)
  2 meliai (Lair:5)
  24 blink frogs
  4 dream sheep (Lair:6)
  A wyvern (D:12)
  Sigmund (D:3)
  21 yaks
  A wraith (D:12)
  5 basilisks
  A human (D:11)
  6 vampire mosquitoes
  Menkaure (D:4)
  2 swamp worms (Lair:2)
  13 water moccasins
  Duvessa (D:5)
  4 orc warriors
  2 sky beasts
  9 ice beasts
  A black bear (D:9)
  2 necrophages
  A phantom (D:9)
  7 ogres
  11 wolves
  5 centaurs
  Blork the orc (D:4)
  3 big kobolds
  26 bullfrogs
  Dowan (D:5)
  A wyvern skeleton (D:10)
  22 killer bees
  6 scorpions
  13 wights
  3 electric eels
  A howler monkey (D:4)
  4 hounds
  7 orc priests
  4 iguanas
  3 bullfrog skeletons
  3 centaur skeletons
  Crazy Yiuf (D:5)
  Terence (D:3)
  8 orc wizards
  A hell rat (Lair:5)
  7 worker ants
  A mummy (D:6)
  A howler monkey zombie (D:11)
  A howler monkey skeleton (D:8)
  12 adders
  15 white imps
  3 oozes
  2 adder zombies
  An adder skeleton (D:6)
  3 dart slugs
  3 leopard geckos (D:1)
  29 orcs
  A ball python (D:1)
  5 giant cockroaches
  9 goblins
  10 hobgoblins
  10 jackals
  4 quokkas
  4 bats
  5 frilled lizards
  20 kobolds
  7 rats
490 creatures vanquished.

Vanquished Creatures (others)
  A bush (Lair:5)
  23 fungi
  127 plants
151 creatures vanquished.

Grand Total: 641 creatures vanquished

Notes
Turn   | Place    | Note
-------+----------+-------------------------------------------
     0 | D:1      | Ladykiller69 the Hill Orc Gladiator began the quest for the
                  | Orb.
     0 | D:1      | Reached XP level 1. HP: 18/18 MP: 1/1
    33 | D:1      | Reached XP level 2. HP: 16/25 MP: 2/2
   396 | D:1      | Reached skill level 1 in Armour
   462 | D:1      | Reached XP level 3. HP: 29/30 MP: 3/3
  1360 | D:2      | Reached skill level 5 in Axes
  1360 | D:2      | Reached XP level 4. HP: 20/38 MP: 4/4
  2272 | D:3      | Reached XP level 5. HP: 15/45 MP: 5/5
  2605 | D:3      | Noticed Terence
  2612 | D:3      | Killed Terence
  2703 | D:3      | Noticed Sigmund
  2723 | D:3      | Killed Sigmund
  2724 | D:3      | Reached skill level 6 in Axes
  2724 | D:3      | Reached XP level 6. HP: 41/52 MP: 6/6
  3428 | D:4      | Noticed Blork the orc
  3437 | D:4      | Killed Blork the orc
  3576 | D:4      | Reached XP level 7. HP: 59/59 MP: 7/7
  3766 | D:4      | Reached skill level 7 in Axes
  3954 | D:4      | Noticed Menkaure
  3974 | D:4      | Killed Menkaure
  4304 | D:4      | Reached skill level 8 in Axes
  4304 | D:4      | Reached XP level 8. HP: 66/67 MP: 8/8
  4364 | D:4      | Found a radiant altar of Vehumet.
  4370 | D:4      | Found a sacrificial altar of Ru.
  4370 | D:4      | Found a glowing golden altar of the Shining One.
  4371 | D:4      | Found a hide-covered altar of Uskayaw.
  4375 | D:4      | Found a sparkling altar of Nemelex Xobeh.
  4536 | D:5      | Entered Level 5 of the Dungeon
  4552 | D:5      | Noticed Dowan
  4555 | D:5      | Noticed Duvessa
  4566 | D:5      | Killed Duvessa
  4567 | D:5      | Reached skill level 5 in Fighting
  4572 | D:5      | Killed Dowan
  5005 | D:5      | Reached skill level 9 in Axes
  5051 | D:5      | Found a runed translucent door.
  5052 | D:5      | Noticed Crazy Yiuf
  5218 | D:5      | Found a staircase to the Ecumenical Temple.
  5238 | Temple   | Entered the Ecumenical Temple
  5296 | Temple   | Became a worshipper of the Wu Jian Council
  5642 | D:5      | Killed Crazy Yiuf
  6071 | D:6      | Found a broken altar of Ashenzari.
  6071 | D:6      | Noticed a hornet
  6072 | D:6      | Noticed a cyclops
  6073 | D:6      | Noticed a boulder beetle
  6074 | D:6      | Found a shimmering altar of Xom.
  6093 | D:6      | Found a transporter.
  6106 | D:6      | Found a transporter.
  6120 | D:6      | Reached skill level 5 in Armour
  6187 | D:6      | Found a snail-covered altar of Cheibriados.
  6211 | D:6      | Reached XP level 9. HP: 75/75 MP: 9/9
  6298 | D:6      | Reached skill level 10 in Axes
  6317 | D:6      | Found a burning altar of Makhleb.
  6839 | D:7      | Found a large runed translucent door.
  6839 | D:7      | Found a large runed translucent door.
  6841 | D:7      | Noticed mavignon's ghost (novice DESu)
  6858 | D:7      | Noticed Joseph
  6892 | D:7      | Killed Joseph
  6893 | D:7      | Reached skill level 5 in Dodging
  7155 | D:7      | Reached * piety under Wu Jian
  7275 | D:7      | Reached skill level 11 in Axes
  7888 | D:8      | Noticed a cyclops
  7912 | D:8      | Killed a cyclops
  7913 | D:8      | Reached XP level 10. HP: 13/86 MP: 10/10
  8376 | D:8      | Reached skill level 12 in Axes
  8871 | D:8      | Noticed Gastronok
  9252 | D:8      | Noticed Maggie
  9268 | D:8      | Killed Maggie
  9483 | D:8      | Killed Gastronok
  9484 | D:8      | Reached skill level 13 in Axes
  9668 | D:9      | Reached ** piety under Wu Jian
 10217 | D:10     | Entered Level 10 of the Dungeon
 10528 | D:10     | Found a staircase to the Lair.
 10593 | D:10     | Reached XP level 11. HP: 87/97 MP: 11/11
 10977 | D:10     | Noticed a two-headed ogre
 10992 | D:10     | Killed a two-headed ogre
 11369 | D:11     | Noticed a two-headed ogre
 11562 | D:11     | Reached skill level 14 in Axes
 11653 | D:11     | Found a staircase to the Orcish Mines.
 11693 | D:11     | Noticed an eight-headed hydra
 11715 | D:11     | Killed a one-headed hydra
 12096 | D:11     | Reached *** piety under Wu Jian
 12532 | D:11     | Found Uskuocoo's General Store.
 12551 | D:11     | Bought a scroll of teleportation for 42 gold pieces
 12619 | D:11     | Noticed a cyclops
 12631 | D:11     | Killed a cyclops
 13206 | D:12     | Noticed a deep elf mage
 13207 | D:12     | Noticed a cyclops
 13216 | D:12     | Killed a deep elf mage
 13219 | D:12     | Killed a cyclops
 13220 | D:12     | Reached skill level 10 in Fighting
 13448 | D:12     | Noticed a brown ugly thing
 13531 | Lair:1   | Entered Level 1 of the Lair of Beasts
 13531 | Lair:1   | Noticed a five-headed hydra
 13542 | Lair:1   | Killed a one-headed hydra
 13543 | Lair:1   | Reached skill level 15 in Axes
 13652 | Lair:1   | Noticed Fannar
 13677 | Lair:1   | Killed Fannar
 13678 | Lair:1   | Reached XP level 12. HP: 95/107 MP: 12/12
 13768 | Lair:1   | Noticed a five-headed hydra
 13776 | Lair:1   | Killed a one-headed hydra
 14833 | Lair:1   | Reached skill level 16 in Axes
 15298 | Lair:1   | Found a runed translucent gate.
 15383 | Lair:1   | Found a runed translucent gate.
 15383 | Lair:1   | Found a runed translucent gate.
 15383 | Lair:1   | Noticed kalagan's ghost (journeyman DECj)
 15384 | Lair:1   | Noticed an 11-headed hydra
 15404 | Lair:1   | Got a distressingly furry chain mail
 15415 | Lair:1   | Identified the +4 chain mail of the Quahog {rElec rPois
                  | Dex-3 SInv} (You found it on level 1 of the Lair of Beasts)
 15930 | Lair:2   | Noticed an eight-headed hydra
 15937 | Lair:2   | Killed a four-headed hydra
 15938 | Lair:2   | Reached skill level 10 in Armour
 16084 | Lair:2   | Noticed a five-headed hydra
 16093 | Lair:2   | Killed a one-headed hydra
 16255 | Lair:2   | Noticed Nergalle
 16262 | Lair:2   | Killed Nergalle
 16262 | Lair:2   | Reached **** piety under Wu Jian
 16706 | Lair:2   | Found a staircase to the Swamp.
 17190 | Lair:3   | Found a frozen archway.
 17214 | IceCv    | Entered an ice cave
 17236 | IceCv    | Reached XP level 13. HP: 111/116 MP: 13/13
 17518 | IceCv    | Reached skill level 17 in Axes
 18032 | Lair:3   | Found a hole to the Spider Nest.
 18038 | Lair:3   | Reached ***** piety under Wu Jian
 19808 | Lair:5   | Reached skill level 18 in Axes
 20499 | Lair:5   | Reached XP level 14. HP: 120/127 MP: 14/14
 21151 | Lair:6   | Entered Level 6 of the Lair of Beasts
 21479 | Lair:6   | Found a viscous altar of Jiyva.
 21479 | Lair:6   | Found a staircase to the Slime Pits.
 21502 | Lair:6   | Reached skill level 19 in Axes
 22039 | Lair:6   | Reached ****** piety under Wu Jian
 22040 | Lair:6   | Reached skill level 10 in Dodging
 24188 | D:13     | Reached XP level 15. HP: 130/137 MP: 15/15
 24352 | D:13     | Noticed Rupert
 24370 | D:13     | Slain by Rupert

Illustrated notes

Levels and vault maps discovered:
D:1:      onia_arrival_handbag, layout_basic
D:2:      layout_basic
D:3:      layout_loops_cross, uniq_sigmund, uniq_terence
D:4:      layout_basic, minitemple, uniq_blork_the_orc, uniq_menkaure
D:5:      layout_loops_ring, minmay_temple_entry_wispy, uniq_crazy_yiuf_cottage,
          uniq_duvessa
D:6:      layout_loops_cross, slow_altar_1, kennysheep_mini_moat,
          gammafunk_temple_overflow_arena
D:7:      layout_basic, ebering_ghost_disaster_area, uniq_joseph
D:8:      layout_gridville, uniq_gastronok, uniq_maggie
D:9:      layout_basic
D:10:     layout_gridville, lair_entry_dummy
D:11:     layout_stronghold, erik_orc_4, serial_shops, shop_coins,
          grunt_decor_resistance
D:12:     layout_irregular_city
D:13:     minmay_cornered_nines, layout_stronghold,
          grunt_vaults_entry_fortified, enter_bailey_6, serial_shops,
          shop_statue, shop, nicolae_shop_window_shopping, shop,
          nicolae_shop_temple_entry_statues_fountains, uniq_rupert, uniq_urug
Temple:   nicolae_temple_figure_eight
Lair:1:   layout_regular_city, gammafunk_ghost_hydra_chop, serial_bayou_shore_a,
          serial_bayou_shore_b, uniq_fannar
Lair:2:   layout_big_grid, nicolae_swamp_entry_splash_gauntlet,
          chequers_serial_rivers_room_b, uniq_nergalle
Lair:3:   layout_small_grid, spider_nest_entry_funnel_web,
          portal_ice_cave_entry_imps
Lair:4:   layout_long_grid, infiniplex_staircase_pool_2
Lair:5:   regret_index_harrowing_hell_hive, layout_regular_city,
          minmay_lair_drake_nest, grunt_megastairs_3
Lair:6:   minmay_lair_end_frog_pond, layout_gridlike,
          dpeg_slime_entry_enclosed_altar

Skill      XL: |  1  2  3  4  5  6  7  8  9 10 11 12 13 14 |
---------------+-------------------------------------------+-----
Throwing       | 2 3 |  3.0
Armour         | 1 2 3 5 6 7 9 10 11 12 | 12.5
Fighting       | 3 4 6 7 9 10 11 12 13 | 13.7
Axes           | 5 6 8 9 11 13 15 16 18 19 | 19.9
Dodging        | 3 4 5 6 7 8 9 10 | 10.2

Action                   |  1- 3 |  4- 6 |  7- 9 | 10-12 | 13-15 || total
-------------------------+-------+-------+-------+-------+-------++-------
Melee: War axe           |   102 |   141 |   346 |   661 |   158 ||  1408
       Executioner's axe |       |       |       |       |   552 ||   552
Throw: Throwing net      |       |       |       |     3 |       ||     3
Invok: Lunge             |       |       |    13 |    43 |    53 ||   109
       Whirlwind         |       |       |       |    45 |    37 ||    82
       Heavenly Storm    |       |       |       |       |     1 ||     1
Evoke: Wand              |       |       |     2 |     3 |       ||     5
  Use: Scroll            |       |       |       |    10 |    16 ||    26
       Potion            |       |       |       |       |     1 ||     1
 Stab: Sleeping          |       |       |       |     2 |       ||     2
       Held in net/web   |       |       |       |     3 |       ||     3
Armor: Leather armour    |     4 |       |       |       |       ||     4
       Ring mail         |    30 |       |       |       |       ||    30
       Chain mail        |    18 |    86 |   153 |   100 |    34 ||   391
       Steam dragon scal |       |       |       |   116 |       ||   116
       Plate armour      |       |       |       |       |   445 ||   445
Dodge: Dodged            |    62 |    45 |   121 |   339 |   349 ||   916
